 Dungeon Crawl Stone Soup version 0.30-a0-58-gc0703345a7 (webtiles) character file.

Game seed: 10129427545226470418

515 MisterAzrael the Trooper (level 7, -3/53 HPs)
             Began as a Djinni Fire Elementalist on Sept 12, 2022.
             Engulfed by a cloud of flame (9 damage)
             ... in a sewer.
             The game lasted 00:07:41 (6479 turns).

MisterAzrael the Trooper (Djinni Fire Elementalist) Turns: 6479, Time: 00:07:41

Health: -3/53      AC:  2    Str:  7    XL:     7   Next: 44%
Gold:   39         EV: 12    Int: 18    God:
                   SH:  0    Dex: 14

rFire   + + .      SeeInvis .    k - +4 flail
rCold   x . .      Faith    .    (no shield)
rNeg    . . .      Spirit   .    a - +0 robe
rPois   ∞          Reflect  .    (no helmet)
rElec   .          Harm     .    (no cloak)
rCorr   .          Rampage  .    (no gloves)
Will    .....                    (boots unavailable)
Stlth   ++........               (no amulet)
HPRegen 0.17/turn                (no ring)
MPRegen 0.00/turn                (no ring)

@: flying
A: sickness immunity, fire resistance 2, cold vulnerability 1, float, innate
caster, HP casting, extra vitality 1
a: no special abilities


You were in a sewer.
You visited 1 branch of the dungeon, and saw 4 of its levels.
You also visited: Sewer.

You collected 39 gold pieces.

Inventory:

Hand Weapons
 k - a +4 flail (weapon)
Armour
 a - a +0 robe (worn)
Jewellery
 i - a ring of willpower
Wands
 u - a wand of flame (23)
Scrolls
 d - a scroll of butterflies {unknown}
 j - 4 scrolls of noise {unknown}
 l - a scroll of poison {unknown}
 m - a scroll of fear {unknown}
 n - 2 scrolls of enchant armour {unknown}
 o - a scroll of magic mapping {unknown}
 q - 2 scrolls of identify {unknown}
 r - 2 scrolls of blinking {unknown}
 t - a scroll of enchant weapon {unknown}
Potions
 b - a potion of might
 c - a potion of degeneration {unknown}
 e - 2 potions of heal wounds
 f - a potion of haste {unknown}
 g - 2 potions of flight {unknown}
 h - 2 potions of attraction {unknown}
 p - a potion of lignification {unknown}
 s - a potion of ambrosia {unknown}
 v - a potion of berserk rage {unknown}


   Skills:
 + Level 4.7 Fighting
 - Level 2.6 Dodging
 - Level 2.0 Stealth
 + Level 4.6 Spellcasting


You couldn't memorise any spells.
You knew the following spells:

 Your Spells              Type           Power      Damage    Failure   Level
a - Foxfire               Conj/Fire      80%        2x1d8     1%          1
b - Scorch                Fire           40%        2d7       3%          2
c - Conjure Flame         Conj/Fire      20%        6-21      6%          3
d - Inner Flame           Hex/Fire       20%        N/A       6%          3
e - Flame Wave            Conj/Fire      20%        2d7       21%         4
f - Freeze                Ice            80%        1d9       1%          1
g - Blink                 Tloc           40%        N/A       3%          2
h - Poisonous Vapours     Pois/Air       40%        N/A       3%          2
Your spell library was empty.

Dungeon Overview and Level Annotations

Branches:
Dungeon (4/15)              Sewer (1/1)
 Temple: D:4-7

Altars:


Innate Abilities, Weirdness & Mutations

You are immune to sickness and miasma.
You are immune to poison.
Your flesh is very heat resistant. (rF++)
You are vulnerable to cold. (rC-)
You float through the air rather than walking.
You learn spells naturally, not from books.
Your magical power is your life essence.
You have superior vitality. (+4 MHP)


Message History

The bullfrog barely misses you. The bullfrog closely misses you.
Casting: Foxfire (safe; 2% risk of failure)
Confirm with . or Enter, or press ? or * to list all spells.
You conjure some foxfire!
The bullfrog barely misses you. The bullfrog completely misses you.
Your foxfire dissipates!
The foxfire hits the bullfrog.
The bullfrog is moderately wounded.
The bullfrog is engulfed in a cloud of scalding steam.
The frilled lizard is engulfed in a cloud of scalding steam.
You kill the frilled lizard!
The bullfrog attacks as you move away! The bullfrog hits you.
The frilled lizard attacks as you move away!
The frilled lizard bites you.
The bullfrog hits you but does no damage.
The bullfrog attacks as you move away! The bullfrog barely misses you.
The frilled lizard attacks as you move away!
The frilled lizard closely misses you. The bullfrog misses you.
Casting: Foxfire (safe; 2% risk of failure)
Confirm with . or Enter, or press ? or * to list all spells.
You conjure some foxfire!
The bullfrog hits you!
The frilled lizard bites you but does no damage.
The bullfrog barely misses you.
Your foxfire dissipates!
The foxfire hits the bullfrog.
The bullfrog is almost dead.
The bullfrog is engulfed in a cloud of scalding steam.
You kill the bullfrog!
The frilled lizard attacks as you move away!
The frilled lizard bites you but does no damage.
Casting: Foxfire (safe; 1% risk of failure)
Confirm with . or Enter, or press ? or * to list all spells.
Flames lash the frilled lizard.
* * * LOW HITPOINT WARNING * * *
The frilled lizard explodes!
The fiery explosion engulfs you! You resist.
* * * LOW HITPOINT WARNING * * *
You are engulfed in blazing flames.
You resist.
You die...

..≈~≈≈≈≈≈≈≈≈~~≈≈~......#
###################....#
##...## #####...#
#..'....# #..#....#
####...##
###################....#
..≈~≈§≈≈≈≈≈≈≈§§§@......#
..~≈~≈≈≈≈≈≈≈~~§§§.....##
.~≈~~~≈≈≈≈~~≈~~~~.....#
.~~≈≈~~≈≈≈≈~~~≈≈~.....#
.~~≈≈≈≈~..J≈≈≈~≈≈....##
.#~~≈≈~≈≈~~≈≈≈≈~~#.###
###################


You could see an endoplasm.

Vanquished Creatures
  2 bullfrogs (Sewer)
  A necrophage (D:4)
  Terence (D:3)
  An iguana (D:4)
  6 river rats (Sewer)
  8 adders
  4 gnolls
  A worm (D:4)
  2 dart slugs (D:4)
  4 orcs
  10 bats
  9 endoplasms
  5 giant cockroaches
  6 goblins
  4 hobgoblins
  2 jackals (D:1)
  3 quokkas
  10 ball pythons
  5 frilled lizards
  5 kobolds
  22 rats
111 creatures vanquished.

Vanquished Creatures (others)
  170 foxfires
170 creatures vanquished.

Grand Total: 281 creatures vanquished

Notes
Turn   | Place    | Note
-------+----------+-------------------------------------------
     0 | D:1      | MisterAzrael the Djinni Fire Elementalist began the quest
                  | for the Orb.
     0 | D:1      | MisterAzrael set off with the following spells memorised:
                  | Foxfire, Scorch, Conjure Flame, Inner Flame, Flame Wave.
     0 | D:1      | Reached XP level 1. HP: 15/15 MP: 0/0
   284 | D:1      | Reached XP level 2. HP: 18/21 MP: 0/0
  1035 | D:1      | Reached XP level 3. HP: 2/26 MP: 0/0
  1035 | D:1      | Learned a level 1 spell: Freeze
  1480 | D:1      | Reached skill level 1 in Fighting
  2390 | D:2      | Reached XP level 4. HP: 21/32 MP: 0/0
  2898 | D:3      | Found a faded altar of an unknown god.
  3531 | D:3      | Reached XP level 5. HP: 18/38 MP: 0/0
  3531 | D:3      | Learned a level 2 spell: Blink
  3706 | D:3      | Noticed Terence
  3718 | D:3      | Killed Terence
  4626 | D:4      | Reached XP level 6. HP: 19/46 MP: 0/0
  4932 | D:4      | Found a glowing drain.
  5048 | Sewer    | Entered a sewer
  6117 | Sewer    | Reached XP level 7. HP: 23/52 MP: 0/0
  6117 | Sewer    | Learned a level 2 spell: Poisonous Vapours
  6479 | Sewer    | Engulfed by a cloud of flame

Illustrated notes

Levels and vault maps discovered:
D:1:      minmay_arrival_three_doors, layout_loops_cross
D:2:      layout_loops_cross
D:3:      layout_basic, chequers_ecumenical_altar_simple_redux,
          item_on_display_a, uniq_terence
D:4:      layout_basic, lemuel_tele_altar, mainiacjoe_overflow_chevrons,
          gup_sewer_entry_bubbles, grunt_ministairs_3
Sewer:    sewer_minmay_w

Skill      XL: |  1  2  3  4  5  6 |
---------------+-------------------+-----
Stealth        | 2 |  2.0
Fighting       | 1 2 3 4 |  4.7
Spellcasting   | 3 4 |  4.6
Dodging        | |  2.6

Action                   |  1- 3 |  4- 6 |  7- 9 || total
-------------------------+-------+-------+-------++-------
Melee: Unarmed           |     1 |       |       ||     1
       Flail             |       |    55 |       ||    55
 Cast: Foxfire           |    25 |    68 |     4 ||    97
       Scorch            |    31 |    34 |     2 ||    67
       Blink             |       |     1 |       ||     1
       Flame Wave        |       |     1 |       ||     1
       Inner Flame       |       |     8 |     1 ||     9
       Poisonous Vapours |       |       |     4 ||     4
  Use: Potion            |       |     1 |       ||     1
 Stab: Sleeping          |       |     3 |       ||     3
Armor: Robe              |     6 |     9 |     5 ||    20
Dodge: Dodged            |    11 |    62 |    13 ||    86

Table legend: (Time is in decaauts)
 A = Elapsed time spent in this place.
 B = Non-inter-level travel time spent in this place.
 C = Inter-level travel time spent in this place.
 D = Time resting spent in this place.
 E = Time spent auto-exploring this place.
 F = Levels seen in this place.
 G = Mean time per level.
                   A        B        C        D        E       F      G
               +--------+--------+--------+--------+--------+-----+--------+
         Total |   6499 |   6416 |     83 |   2503 |   3234 |   5 | 1299.8 |
       Dungeon |   5065 |   4982 |     83 |   1560 |   2910 |   4 | 1266.2 |
         Sewer |   1433 |   1433 |      0 |    943 |    324 |   1 | 1433.0 |
               +--------+--------+--------+--------+--------+-----+--------+

Top non-repeatable levels by time:
     D:1: 1707 daAuts
     D:3: 1545 daAuts
   Sewer: 1433 daAuts
     D:2: 1080 daAuts
     D:4: 731 daAuts
